 Dungeon Crawl Stone Soup version 0.29.1-1-gd02db6906a (webtiles) character file.

Game seed: 11009564152676601353

46 H0rd4k the Charlatan (level 3, -1/26 HPs)
             Began as a Human Artificer on Sept 23, 2022.
             Slain by an orc
             ... wielding a +0 flail
              (5 damage)
             ... on level 3 of the Dungeon.
             The game lasted 00:01:44 (3355 turns).

H0rd4k the Charlatan (Human Artificer)              Turns: 3355, Time: 00:01:45

Health: -1/26      AC:  3    Str: 12    XL:     3   Next: 92%
Magic:  3/3        EV: 12    Int: 13    God:
Gold:   124        SH:  0    Dex: 13    Spells: 2/2 levels left

rFire   . . .      SeeInvis .   q - +1 short sword (venom)
rCold   . . .      Faith    .   (no shield)
rNeg    . . .      Spirit   .   b - +0 leather armour
rPois   .          Reflect  .   (no helmet)
rElec   .          Harm     .   (no cloak)
rCorr   .          Rampage  .   (no gloves)
Will    .....                   (no boots)
Stlth   +.........              (no amulet)
HPRegen 0.08/turn               (no ring)
MPRegen 0.08/turn               (no ring)

@: no status effects
A: no striking features
a: no special abilities


You were on level 3 of the Dungeon.
You visited 1 branch of the dungeon, and saw 3 of its levels.

You collected 124 gold pieces.

Inventory:

Hand Weapons
 a - a +0 club
 q - a +1 short sword of venom (weapon)
Armour
 b - a +0 leather armour (worn)
Wands
 c - a wand of flame (7) (quivered)
 d - a wand of charming (12)
 e - a wand of iceblast (5)
Scrolls
 f - 3 scrolls of enchant armour {unknown}
 g - a scroll of magic mapping {unknown}
 i - a scroll of enchant weapon {unknown}
 k - a scroll of immolation {unknown}
 l - a scroll of identify {unknown}
 n - 2 scrolls of vulnerability {unknown}
 o - a scroll of poison {unknown}
 p - a scroll of blinking {unknown}
 r - a scroll of teleportation {unknown}
Potions
 h - a potion of haste {unknown}
 j - a potion of brilliance {unknown}
 m - a potion of heal wounds {unknown}


   Skills:
 + Level 1.6 Fighting
 + Level 1.7 Maces & Flails
 - Level 2.0 Armour
 + Level 2.3 Dodging
 - Level 1.0 Stealth
 - Level 3.0 Evocations


You had 2 spell levels left.
You didn't know any spells.
Your spell library contained the following spells:

 Spells                   Type           Power      Damage    Failure   Level
 Cause Fear               Hex            0%         N/A       98%         4
 Corpse Rot               Necr/Pois/Air  0%         N/A       98%         4
 Summon Mana Viper        Hex/Summ       0%         N/A       100%        5


Dungeon Overview and Level Annotations

Branches:
Dungeon (3/15)

Altars:


Message History

A ball python is nearby!
A ball python is nearby!
There is an open door here.
You closely miss the ball python. The ball python barely misses you.
The ball python grabs you. The ball python constricts you.
You closely miss the ball python. The ball python closely misses you.
The ball python constricts you.
You hit the ball python.
You kill the ball python!
No target in view!
No target in view!
No target in view!
No target in view!
No target in view!
HP restored.
You open the door.
There is an open door here.
An orc comes into view. It is wielding a +0 trident.
An orc comes into view. It is wielding a +0 flail.
The orc shouts! x2
An orc is nearby!
An orc is nearby!
An orc is nearby!
There are monsters nearby!
The orc hits you from afar with a +0 trident!
There are monsters nearby!
Found 6 gold pieces.
The orc hits you with a +0 trident.
You hit the orc.
The orc is poisoned.
The orc is heavily wounded.
The orc misses you. The orc hits you with a +0 flail!
* * * LOW HITPOINT WARNING * * *
You barely miss the orc.
The orc is almost dead.
The orc hits you with a +0 trident.
* * * LOW HITPOINT WARNING * * *
The orc closely misses you.
The orc hits you from afar with a +0 trident.
* * * LOW HITPOINT WARNING * * *
The orc attacks as you move away! The orc hits you with a +0 flail.
You die...

# .# # ### #.##
#.#.. ... $#.#...
## ..#.# # #
#.###o..# ..# #
####.#.o###.....
#
........@......#
#
####..#.#####.##
# #
####..........# #
#.#.......#####.#
## #.#.##...##
.## #.......##
..## ###.#####
...## #....#
....#####..#.####


You could see 2 orcs.

Vanquished Creatures
  An adder (D:2)
  A worm (D:2)
  3 endoplasms
  3 hobgoblins
  4 kobolds
  A quokka (D:1)
  4 ball pythons
  2 bats (D:1)
  6 frilled lizards
  A goblin (D:1)
  5 rats
31 creatures vanquished.

Vanquished Creatures (collateral kills)
  An endoplasm (D:2)
1 creature vanquished.

Vanquished Creatures (others)
  An adder (D:2)
  An endoplasm (D:2)
2 creatures vanquished.

Grand Total: 34 creatures vanquished

Notes
Turn   | Place    | Note
-------+----------+-------------------------------------------
     0 | D:1      | H0rd4k the Human Artificer began the quest for the Orb.
     0 | D:1      | Reached XP level 1. HP: 15/15 MP: 1/1
     2 | D:1      | Noticed a draconian
     4 | D:1      | Noticed a human
     4 | D:1      | Noticed a merfolk
     6 | D:1      | Noticed a vampire
     8 | D:1      | Noticed a tengu
     8 | D:1      | Noticed an ogre
    10 | D:1      | Noticed a meteoran
    10 | D:1      | Noticed a vine stalker
    12 | D:1      | Noticed a spriggan
    12 | D:1      | Noticed an octopode
    14 | D:1      | Noticed a troll
    14 | D:1      | Noticed an elf
    16 | D:1      | Noticed a minotaur
    18 | D:1      | Noticed a ghoul
    18 | D:1      | Noticed a demigod
    21 | D:1      | Noticed a naga
    21 | D:1      | Noticed a gargoyle
    23 | D:1      | Noticed a felid
    23 | D:1      | Noticed a demonspawn
    25 | D:1      | Noticed a palentonga
    25 | D:1      | Noticed a troll
    27 | D:1      | Noticed a gargoyle
    27 | D:1      | Noticed a meteoran
   119 | D:1      | Got the Excursus on Maledictive Envenoming
   274 | D:1      | Reached XP level 2. HP: 19/21 MP: 2/2
   753 | D:1      | Found a faded altar of an unknown god.
   846 | D:1      | Reached skill level 1 in Maces & Flails
  1384 | D:2      | Reached XP level 3. HP: 3/26 MP: 3/3
  2783 | D:2      | HP: 1/26 [poisoned by a kobold]
  3355 | D:3      | Slain by an orc

Illustrated notes

Levels and vault maps discovered:
D:1:      kb_arrival_jail, layout_rooms,
          hellmonk_ecumenical_altar_leap_of_faith, chequers_serial_rivers_marsh
D:2:      layout_basic, grunt_ministairs_7, minmay_hedge_maze,
          minmay_misc_feat_secret_circle
D:3:      layout_loops_corners, mainiacjoe_overflow_alcove_1,
          minmay_misc_feat_nine_boxes, minmay_misc_feat_rows

Skill      XL: |  1  2 |
---------------+-------+-----
Maces & Flails | 1 |  1.7
Dodging        | 2 |  2.3
Fighting       | |  1.6
Armour         | |  2.0
Stealth        | |  1.0
Evocations     | |  3.0

Action                   || total
-------------------------++-------
Melee: Club              ||   149
       Short sword       ||     5
       Punch             ||     1
Evoke: Wand              ||    11
  Use: Potion            ||     1
 Stab: Sleeping          ||     3
Armor: Leather armour    ||    41
Dodge: Dodged            ||   113
